Cogmind - Beta 16 @@@ ROGUE MODE // 2025.11.15 @ 12:13:43 Player: f3-rnm Result: Destroyed by H-77 Assassin with Coil Gun Performance ------------- Evolutions (6) 3000 Regions Visited (13) 2600 Robots Destroyed (102) 510 Value Destroyed (3452) 3452 Prototype IDs (16) 320 Alien Tech Used (2) 400 Bonus (-487) -487 TOTAL SCORE: 9795 Bonus ------- High Alert Combat Kills 34 Follower Combat Kills 528 Registered with UFD 300 Met Optimus in HQ 500 Met Zhirov 300 Friendly Fire -2149 Cogmind --------- Core Integrity 0/1150 Matter 138/300 Energy 98/100 System Corruption 19% Temperature Cool (0) Movement Core (50) Location -4/Factory Parts ------- > --- POWER (2) -------- (None) > --- PROPULSION (7) --- (None) > --- UTILITY (8) ------ (None) > --- WEAPON (2) ------- (None) > --- INVENTORY (5) ---- Light Antimatter Reactor High-capacity Storage Unit Matter Compressor (250) Improved Remote Datajack DRS Beacon (Ready) Peak State ------------ > --- POWER ------------ Light Antimatter Reactor Light Antimatter Reactor > --- PROPULSION ------- Antigrav System Antigrav System Antigrav System Cooled Gravmag System Cooled Gravmag System Cooled Gravmag System Improved Linear Gravjet > --- UTILITY ---------- High-capacity Storage Unit Enhanced Optical Array Long-range Sensor Array Experimental Signal Interpreter Advanced Melee Analysis Suite Core Analyzer Transmission Jammer Advanced Hacking Suite > --- WEAPON ----------- Advanced Remote Datajack Companion Sword > --- INVENTORY -------- Neutrino Core Micro Fission Core Linear Gravjet Improved Antigrav System Combat Linear Gravjet Large Storage Unit Matter Compressor Advanced Sensor Array Microactuators Advanced Reaction Control System Advanced Phase Shifter Graphene Brace Advanced Shield Generator High-powered Tractor Beam Transdimensional Reconstructor Tesla Bomb Launcher Micro-nuke Launcher Multitool DRS Beacon [Rating: 125] Favorites ----------- Power Neutrino Core Engine Light Ion Engine Power Core Neutrino Core Reactor Light Antimatter Reactor Propulsion Flexi-carbon Leg Treads Light Treads Leg Flexi-carbon Leg Wheel Compact Wheel Hover Unit Cooled Gravmag System Utility High-capacity Storage Unit Device Scrapoid Pod Storage High-capacity Storage Unit Processor Core Analyzer Hackware Hacking Suite Protection Reflective Plating Weapon Companion Sword Energy Cannon Beam Cannon Ballistic Gun Autogun Launcher Tesla Bomb Launcher Special Weapon Remote Datajack Impact Weapon Flail Slashing Weapon Companion Sword Build | -11 -10 -10 -7 -5 -5 -5 -5 -5 -5 -4 -4 -4 -4 ------- Run | Yrd Mat Sub Scr Fac Was Fac Upp Upp Zhi Pro Fac Was Fac Slots Evolved 12 | . . . . 10 . . . . . . 2 . . Power 1 | . . . . 1 . . . . . . . . . Propulsion 5 | . . . . 4 . . . . . . 1 . . Utility 6 | . . . . 5 . . . . . . 1 . . Weapon . | . . . . . . . . . . . . . . Parts Attached 120 | 5 1 11 3 13 10 11 1 1 6 3 27 1 27 Power 18 | . . 2 . 2 1 2 . . . . 5 . 6 Engine 4 | . . 2 . . . . . . . . 1 . 1 Core 11 | . . . . 2 1 2 . . . . 2 . 4 Reactor 3 | . . . . . . . . . . . 2 . 1 Propulsion 50 | 2 . 4 1 4 5 5 . . 3 . 9 1 16 Treads 3 | 2 . . . . 1 . . . . . . . . Leg 20 | . . . . 2 4 5 . . 2 . . . 7 Wheel 7 | . . 2 1 2 . . . . . . . . 2 Hover 20 | . . 2 . . . . . . 1 . 9 1 7 Flight . | . . . . . . . . . . . . . . Utility 36 | 1 1 . 1 5 4 4 1 . 3 2 11 . 3 Device 18 | . . . . 2 2 4 1 . 1 1 5 . 2 Storage 3 | 1 1 . . . . . . . . . 1 . . Processor 10 | . . . 1 1 2 . . . . . 5 . 1 Hackware 2 | . . . . 1 . . . . 1 . . . . Protection 3 | . . . . 1 . . . . 1 1 . . . Artifact . | . . . . . . . . . . . . . . Weapon 16 | 2 . 5 1 2 . . . 1 . 1 2 . 2 Energy Gun . | . . . . . . . . . . . . . . Energy Cannon 2 | . . 1 . 1 . . . . . . . . . Ballistic Gun 5 | 2 . 3 . . . . . . . . . . . Ballistic Cannon . | . . . . . . . . . . . . . . Launcher 3 | . . . . . . . . . . 1 1 . 1 Special Weapon 4 | . . . . 1 . . . 1 . . 1 . 1 Impact Weapon 1 | . . 1 . . . . . . . . . . . Slashing Weapon 1 | . . . 1 . . . . . . . . . . Piercing Weapon . | . . . . . . . . . . . . . . Special Melee Weapon . | . . . . . . . . . . . . . . Unidentified Prototypes 10 | . . . 1 . 2 1 . . 4 . 1 . 1 Parts Lost 63 | . . 9 . 2 1 4 . . . . 8 . 39 Power 8 | . . 1 . . . 1 . . . . . . 6 Propulsion 38 | . . 4 . 1 . 3 . . . . 7 . 23 Utility 10 | . . . . 1 . . . . . . 1 . 8 Weapon 7 | . . 4 . . 1 . . . . . . . 2 Highest Loss Streak 17 | . . 5 . 1 1 2 . . . . 3 . 17 To Critical Strikes 1 | . . . . . . . . . . . . . 1 Average Backups 14 | 1 8 8 12 11 16 18 18 18 18 18 17 19 13 Power 1 | . 1 . . . 1 1 1 1 1 1 1 1 1 Propulsion 2 | . 1 2 2 . 2 3 3 3 3 4 2 3 1 Utility 5 | . . 1 4 4 6 8 9 9 9 8 8 9 4 Weapon 2 | . 5 3 2 2 2 2 2 2 2 1 2 3 1 Tool/Special . | . . . . . . . . . . . . . . Unused Backups 26 | . 1 . 10 . 4 3 . . 1 . . . 7 Power 2 | . . . . . 1 . . . . . . . 1 Propulsion 4 | . . . 3 . 1 . . . . . . . . Utility 14 | . 1 . 4 . 1 3 . . 1 . . . 4 Weapon 4 | . . . 3 . 1 . . . . . . . . Tool/Special 2 | . . . . . . . . . . . . . 2 Average Slot Usage (%) 78 | . 68 77 55 87 87 87 88 88 87 90 88 94 82 Engine 2 | . . 10 4 . . . . . . . . . 1 Core 5 | . . . . 9 11 11 11 11 11 11 6 5 5 Treads 4 | . 27 19 . . 1 . . . . . . . . Leg 14 | . . . . 10 23 34 35 35 34 35 7 . 13 Wheel 4 | . . 4 15 16 6 . . . . . . . . Hover 3 | . . 2 . . . . . . . . 22 36 15 Device 6 | . . . . 10 7 11 11 11 10 9 16 10 8 Storage 8 | . 14 14 14 5 5 5 5 5 5 5 5 5 7 Processor 8 | . . . 6 9 12 11 11 11 11 11 14 21 17 Hackware 2 | . . . . 4 5 5 5 5 5 5 5 5 4 Energy Cannon 2 | . . 3 12 . . . . . . . . . . Ballistic Gun 4 | . 26 19 . . . . . . . . . . . Slashing Weapon 3 | . . . 1 5 5 5 5 5 5 5 5 5 4 Peak Build Rating 125 | 5 7 9 21 62 88 95 86 88 91 90 123 117 125 Average Rating 55 | 4 5 7 10 55 79 91 85 85 86 85 101 116 97 On Entrance 60 | . 5 5 8 21 57 88 86 85 86 89 86 116 117 Avg Prop Armor Cover (%) 8 | . . 6 . 9 16 4 . . . . 17 . 3 Naked Turns 10 | . . . . . . . . . . . . . 10 Heaviest Build 87 | 9 44 49 48 82 83 83 82 81 81 82 82 64 87 Greatest Support 148 | 40 40 40 28 40 108 123 115 115 115 110 110 91 148 Greatest Overweight (x) 8 | . 2 3 2 4 2 . . . . . 6 . 8 Average Overweight (x) . | . . 1 1 1 . . . . . . . . . Largest Inventory Capacity 20 | 8 20 20 20 20 20 20 20 20 20 20 20 20 20 Average Capacity 19 | 7 16 20 20 20 20 20 20 20 20 20 19 20 17 Most Carried 20 | 3 11 14 20 18 20 20 19 20 20 20 20 20 20 Average Carried 15 | 1 8 8 15 12 18 19 19 19 19 19 18 19 14 Final Capacity 20 | 8 20 20 20 20 20 20 20 20 20 20 20 20 5 Final Carried 20 | 3 11 14 19 16 20 19 19 20 20 19 20 20 5 Class Distribution -------------------- 52% | Mutant 35% | Scavenger-Mutant 4% | Ninja 3% | Scavenger-Ninja Dominant Class ---------------- Mutant | -10/Materials Mutant | -10/Subcaves Mutant | -7/Scraptown Mutant | -5/Factory Scavenger-Mutant | -5/Waste Scavenger-Mutant | -5/Factory Scavenger-Mutant | -5/Upper Caves Scavenger-Mutant | -5/Upper Caves Scavenger-Mutant | -5/Zhirov Scavenger-Mutant | -4/Proximity Caves Scavenger-Ninja | -4/Factory Ninja | -4/Waste Ninja | -4/Factory Resources | -11 -10 -10 -7 -5 -5 -5 -5 -5 -5 -4 -4 -4 -4 ----------- Run | Yrd Mat Sub Scr Fac Was Fac Upp Upp Zhi Pro Fac Was Fac Matter Collected 3215 | 220 . 324 76 238 1223 147 10 10 . 181 307 . 479 Remotely . | . . . . . . . . . . . . . . Salvage Created 5253 | . 78 413 . 86 582 995 . 370 . 50 1289 . 1390 Parts 236 | . 8 23 . 2 25 43 . 8 . 5 60 . 62 Haulers Intercepted 2 | . . . . . . . . . . . 2 . . Recyclers Shooed 2 | . . . . . . 1 . . . . 1 . . Parts Field Recycled . | . . . . . . . . . . . . . . Retrieved Matter . | . . . . . . . . . . . . . . Parts Self-Destructed 35 | . . 10 . . . . . 3 . 22 . . . Prevented 2 | . . . . . . . . 2 . . . . . Parts Restored . | . . . . . . . . . . . . . . Kills | -11 -10 -10 -7 -5 -5 -5 -5 -5 -5 -4 -4 -4 -4 ------- Run | Yrd Mat Sub Scr Fac Was Fac Upp Upp Zhi Pro Fac Was Fac Combat Hostiles Destroyed 61 | . 4 10 . 1 . 10 . . . 4 9 . 23 Melee 31 | . . . . 1 . 10 . . . . 9 . 11 Guns 10 | . 4 6 . . . . . . . . . . . Cannons 4 | . . 4 . . . . . . . . . . . AOE 14 | . . . . . . . . . . 4 . . 10 Classes Destroyed 17 | . 2 2 . 1 1 5 . . . . 2 . 4 Worker 9 | . . . . 1 . 1 . . . . 5 . 2 Builder 5 | . . . . . . 1 . . . . . . 4 Tunneler 1 | . . . . . . . . . . . . . 1 Hauler 2 | . . . . . . . . . . . 2 . . Recycler 7 | . . . . . . 2 . . . . 3 . 2 Mechanic 1 | . . . . . . 1 . . . . . . . Operator 4 | . . . . . . 2 . . . . 2 . . Watcher 3 | . . . . . . . . . . . 3 . . Swarmer 19 | . 3 3 . . . . . . . 4 4 . 5 Grunt 16 | . 1 . . 1 . 5 . . . . 3 . 6 Duelist 1 | . . . . . . . . . . . . . 1 Sentry 1 | . . . . . . . . . . . . . 1 Hunter 4 | . . . . . . . . . . . . . 4 Programmer 13 | . . . . . . 5 . . . . 2 . 6 Artisan 1 | . . 1 . . . . . . . . . . . Subdweller 7 | . . 7 . . . . . . . . . . . Surgeon 1 | . . . . . . 1 . . . . . . . Thug 7 | . . . . . 7 . . . . . . . . Martyr 1 | . . . . . 1 . . . . . . . . Best Kill Streak 12 | . 3 3 . 1 . 4 . . . 4 6 . 12 Combat Bots Only 5 | . 3 3 . 1 . 2 . . . 4 4 . 5 Max Kills in Single Turn 3 | . 2 1 . 1 1 1 . . . 3 1 . 3 Gunslinging 1 | . 1 . . . . . . . . . . . . Exploded 3 | . . . . . . . . . . 3 . . 3 Melee 1 | . . . . 1 . 1 . . . . 1 . 1 Uniques/NPCs Destroyed . | . . . . . . . . . . . . . . Combat | -11 -10 -10 -7 -5 -5 -5 -5 -5 -5 -4 -4 -4 -4 -------- Run | Yrd Mat Sub Scr Fac Was Fac Upp Upp Zhi Pro Fac Was Fac Hostile Shots Fired 644 | . 13 53 . 3 1 107 . . . 31 102 . 334 Missed 196 | . 4 9 . 1 . 32 . . . 11 34 . 105 Hits 448 | . 9 44 . 2 1 75 . . . 20 68 . 229 Melee 1 | . . . . . 1 . . . . . . . . Projectile 447 | . 9 44 . 2 . 75 . . . 20 68 . 229 AOE 3 | . . 3 . . . . . . . . . . . Critical Strikes 20 | . . 1 . . 1 1 . . . 2 3 . 12 Part Disruptions 2 | . . . . . . 1 . . . . . . 1 Damage Taken 8795 | . 77 1145 . 49 47 1693 . 17 . 342 1055 . 4370 Core 1788 | . 17 215 . 10 . 302 . 17 . 97 232 . 898 Absorbed by Shields 307 | . . . . . . . . . . 31 185 . 91 Ignored by Resistances 2 | . . . . 2 . . . . . . . . . Regen/Repaired (Parts) 476 | . . . . . 205 271 . . . . . . . Core Remaining (%) 54 | 100 . . 7 . . . . . . 57 . . . Volleys Fired 83 | 1 12 40 . 7 1 . . 1 . 2 2 . 17 Largest 2 | 2 2 2 . 1 1 . . 1 . 1 1 . 1 Hottest 90 | 40 40 83 . 90 90 . . . . 39 7 . 49 Shots Fired 128 | 2 23 73 . 7 1 . . 1 . 2 2 . 17 Gun 84 | 2 23 59 . . . . . . . . . . . Cannon 19 | . . 14 . 4 1 . . . . . . . . Launcher 18 | . . . . . . . . . . 2 . . 16 Special 7 | . . . . 3 . . . 1 . . 2 . 1 Kinetic 84 | 2 23 59 . . . . . . . . . . . Thermal 19 | . . 14 . 4 1 . . . . . . . . Explosive 14 | . . . . . . . . . . 2 . . 12 Electromagnetic 4 | . . . . . . . . . . . . . 4 Robot Hit Streak 14 | . 5 13 . 14 . . . 2 . . 4 . 5 Robot Miss Streak 2 | . 2 2 . 1 . . . . . . . . 2 Penetration Max . | . . . . . . . . . . . . . . Secondary Targets 2 | . 1 1 . . . . . . . . . . . Max Gunslinging Chain 1 | . 1 1 . . . . . . . . . . . Shots Hit Robots 270 | . 15 61 . 5 16 64 . 10 . 6 35 . 58 Core Hits 130 | . 6 19 . 1 8 19 . 5 . 6 23 . 43 Critical Kills 1 | . 1 . . . . . . . . . . . . Critical Parts Destroyed 1 | . . 1 . . . . . . . . . . . Critical Strikes 8 | . 1 1 . . 4 . . . . . . . 2 Destroy 2 | . 1 1 . . . . . . . . . . . Melee Attacks 283 | . . 28 . 5 16 85 . 16 . 8 53 1 71 Impact 28 | . . 28 . . . . . . . . . . . Slashing 255 | . . . . 5 16 85 . 16 . 8 53 1 71 Piercing . | . . . . . . . . . . . . . . Sneak Attacks 52 | . . 1 . 2 16 12 . . . . 13 . 8 Combat Hostiles . | . . . . . . . . . . . . . . Follow-up Attacks 2 | . . . . . . . . . . . 1 . 1 Damage Inflicted 13421 | . 206 952 . 207 1268 3005 . 715 . 597 1976 . 4495 Guns 842 | . 206 636 . . . . . . . . . . . Cannons 211 | . . 211 . . . . . . . . . . . Explosions 2655 | . . . . . . . . . . 378 . . 2277 Melee 9713 | . . 105 . 207 1268 3005 . 715 . 219 1976 . 2218 Ramming . | . . . . . . . . . . . . . . Kinetic 842 | . 206 636 . . . . . . . . . . . Thermal 211 | . . 211 . . . . . . . . . . . Explosive 2215 | . . . . . . . . . . 378 . . 1837 Electromagnetic 440 | . . . . . . . . . . . . . 440 Impact 105 | . . 105 . . . . . . . . . . . Slashing 9608 | . . . . 207 1268 3005 . 715 . 219 1976 . 2218 Piercing . | . . . . . . . . . . . . . . Highest Corruption 19 | . . . . . . 8 . . . 3 3 11 19 Average Corruption 7 | . . . . . . 3 . . . 2 2 8 14 Corruption Purged 15 | . . . . . . 15 . . . . . . . Corruption Blocked . | . . . . . . . . . . . . . . Effects 61 | . . . . . . 15 . . . 2 3 2 39 Message Errors 13 | . . . . . . 4 . . . . 2 . 7 Matter Fused 17 | . . . . . . 5 . . . 1 1 . 10 Heat Flow Errors 5 | . . . . . . 1 . . . . . . 4 Energy Discharges 9 | . . . . . . 4 . . . . . . 5 Parts Rejected 4 | . . . . . . . . . . . . 1 3 Parts Fused 1 | . . . . . . . . . . . . . 1 Data Loss (minor) 6 | . . . . . . . . . . 1 . . 5 Data Loss (major) 1 | . . . . . . . . . . . . . 1 Alerts 1 | . . . . . . 1 . . . . . . . Misdirections 4 | . . . . . . . . . . . . 1 3 Overload Shots . | . . . . . . . . . . . . . . Overflow Damage 1412 | . . 3 . 92 14 428 . 94 . 13 253 . 515 Projectiles . | . . . . . . . . . . . . . . Explosions 437 | . . . . . . . . . . 13 . . 424 Melee 975 | . . 3 . 92 14 428 . 94 . . 253 . 91 Knockbacks . | . . . . . . . . . . . . . . Impact . | . . . . . . . . . . . . . . Kinetic . | . . . . . . . . . . . . . . Secondary . | . . . . . . . . . . . . . . Self-Inflicted Damage 99 | . . . . . . . . . . . . . 99 Shots 5 | . . . . . . . . . . . . . 5 Rammed . | . . . . . . . . . . . . . . Targets Rammed . | . . . . . . . . . . . . . . Kicked . | . . . . . . . . . . . . . . Crushed . | . . . . . . . . . . . . . . Highest Temperature 381 | . . 317 . 46 46 259 . . . . 381 . 241 Average Temperature 107 | . . 169 . 23 23 139 . . . . 132 . 96 Received Heat Transfer 1626 | . 12 498 . 9 . 324 . . . . 407 . 376 Effects 3 | . . . . . . . . . . . 3 . . Shutdowns 2 | . . . . . . . . . . . 2 . . Energy Bleed 1 | . . . . . . . . . . . 1 . . Siege Activations . | . . . . . . . . . . . . . . Martial Activations . | . . . . . . . . . . . . . . Shielding Activations . | . . . . . . . . . . . . . . Robots Disrupted 2 | . . . . . . . . . . . 1 . 1 Combat Hostiles 1 | . . . . . . . . . . . 1 . . Robots Corrupted 3 | . . . . . . . . . . . . . 3 Combat Hostiles 2 | . . . . . . . . . . . . . 2 Parts Fried 4 | . . 1 . . . . . . . . . . 3 Impact Corruptions 1 | . . 1 . . . . . . . . . . . Robots Melted . | . . . . . . . . . . . . . . Combat Hostiles . | . . . . . . . . . . . . . . Parts Melted 1 | . . 1 . . . . . . . . . . . Heat Transferred 444 | . . 444 . . . . . . . . . . . Parts Sabotaged . | . . . . . . . . . . . . . . Parts Stolen . | . . . . . . . . . . . . . . Parts Stripped . | . . . . . . . . . . . . . . Power Chain Reactions . | . . . . . . . . . . . . . . Alert | -11 -10 -10 -7 -5 -5 -5 -5 -5 -5 -4 -4 -4 -4 ------- Run | Yrd Mat Sub Scr Fac Was Fac Upp Upp Zhi Pro Fac Was Fac Maximum Alert Level 2 | . . . . . . . . . . . 2 . 1 Low Security (%) 75 | 100 100 . . 100 100 100 . . . . 5 100 48 Level 1 23 | . . . . . . . . . . . 83 . 51 Level 2 1 | . . . . . . . . . . . 10 . . Level 3 . | . . . . . . . . . . . . . . Level 4 . | . . . . . . . . . . . . . . Level 5 . | . . . . . . . . . . . . . . High Security . | . . . . . . . . . . . . . . Max Security . | . . . . . . . . . . . . . . Peak Influence 440 | . 70 . . 20 70 89 . . . . 440 141 363 Initial 250 | . . . . . . . . . . . 250 139 84 Average 87 | . 8 . . 1 6 25 . . . . 267 134 188 Influence Increases 2942 | . 101 70 . 52 82 431 . 10 . 277 898 2 1019 Destroy 0b10 Robot/C 1240 | . 80 60 . 20 . 260 . . . 180 180 . 460 Destroy 0b10 Robot/NC 185 | . . . . 5 . 40 . 10 . 10 75 . 45 Destroy Leader 240 | . 20 10 . . . 60 . . . 30 30 . 90 Allied During Kill 109 | . . . . . . 52 . . . 57 . . . Disable Machine 75 | . . . . . . . . . . . 45 . 30 Destroy Structure 283 | . 1 . . 12 82 4 . . . . 28 2 154 Advance Influence 150 | . . . . . . . . . . . 150 . . Partial Spotted 120 | . . . . . . . . . . . 90 . 30 Lose Combat Pursuer 540 | . . . . 15 . 15 . . . . 300 . 210 Influence Decreases 2715 | . 101 70 . 52 82 397 34 10 . 117 660 279 913 Entered New Map 370 | . . . . . . . 14 . . . 60 259 37 Time Decay 1543 | . 101 70 . 47 82 317 20 10 . 110 380 20 386 Search Patrol Dispatched 200 | . . . . . . . . . . . 100 . 100 Lost Part 495 | . . . . 5 . 20 . . . . 80 . 390 Lost Ally 107 | . . . . . . 60 . . . 7 40 . . Squads Dispatched 26 | . 1 . . 4 . 6 . . . . 8 . 7 Investigation 12 | . . . . 3 . 2 . . . . 4 . 3 Extermination 9 | . . . . 1 . 3 . . . . 3 . 2 Reinforcement 5 | . 1 . . . . 1 . . . . 1 . 2 Assault . | . . . . . . . . . . . . . . Garrison . | . . . . . . . . . . . . . . Intercept . | . . . . . . . . . . . . . . Searches Triggered 2 | . . . . . . . . . . . 1 . 1 Construction Impeded 1 | . . . . . . . . . . . . . 1 Haulers Reinforced . | . . . . . . . . . . . . . . Active Scanning Responses . | . . . . . . . . . . . . . . Cargo Convoy Interrupts . | . . . . . . . . . . . . . . Stealth | -11 -10 -10 -7 -5 -5 -5 -5 -5 -5 -4 -4 -4 -4 --------- Run | Yrd Mat Sub Scr Fac Was Fac Upp Upp Zhi Pro Fac Was Fac Distress Signals 4 | . . . . . . . . . . 1 1 . 2 Communications Jammed 18 | . . . . . . . . . . . 18 . . Distress Signals 18 | . . . . . . . . . . . 18 . . Times Spotted 155 | . 7 11 . 2 3 16 . . . 9 45 6 56 Peak Tracking Total 18 | . 3 3 . 2 3 3 . . . 5 12 6 18 Tactical Retreats 17 | . . 1 . 1 . 1 . . . . 9 . 5 Traps | -11 -10 -10 -7 -5 -5 -5 -5 -5 -5 -4 -4 -4 -4 ------- Run | Yrd Mat Sub Scr Fac Was Fac Upp Upp Zhi Pro Fac Was Fac Traps Triggered 12 | . 2 3 . 2 . 1 . . . . 1 . 3 Indirectly . | . . . . . . . . . . . . . . Trap Hack Attempts . | . . . . . . . . . . . . . . Triggered . | . . . . . . . . . . . . . . Disarmed . | . . . . . . . . . . . . . . Reprogrammed . | . . . . . . . . . . . . . . Reused . | . . . . . . . . . . . . . . Traps Extracted . | . . . . . . . . . . . . . . Installed . | . . . . . . . . . . . . . . Triggered . | . . . . . . . . . . . . . . Machines | -11 -10 -10 -7 -5 -5 -5 -5 -5 -5 -4 -4 -4 -4 ---------- Run | Yrd Mat Sub Scr Fac Was Fac Upp Upp Zhi Pro Fac Was Fac Machines Disabled 5 | . . . . . . . . . . . 3 . 2 Max in Single Turn 2 | . . . . . . . . . . . 1 . 2 Garrison Access 1 | . . . . . . . . . . . . . 1 Machines Repaired . | . . . . . . . . . . . . . . Machines Dismantled . | . . . . . . . . . . . . . . Machines Sabotaged . | . . . . . . . . . . . . . . Overloaded Fab Kills . | . . . . . . . . . . . . . . Hacking | -11 -10 -10 -7 -5 -5 -5 -5 -5 -5 -4 -4 -4 -4 --------- Run | Yrd Mat Sub Scr Fac Was Fac Upp Upp Zhi Pro Fac Was Fac Machines Accessed 21 | . . . 1 3 . 2 . . 4 . 6 . 5 Terminals 3 | . . . . . . . . . . . 2 . 1 Fabricators . | . . . . . . . . . . . . . . Repair Stations 2 | . . . . . . 1 . . . . . . 1 Recycling Units 9 | . . . . 3 . 1 . . . . 4 . 1 Scanalyzers . | . . . . . . . . . . . . . . Garrison Access 2 | . . . . . . . . . . . . . 2 Total Hacks 47 | . . . 1 7 . 3 . . 17 . 9 . 10 Successful 30 | . . . 1 3 . 2 . . 17 . 5 . 2 Failed 17 | . . . . 4 . 1 . . . . 4 . 8 Catastrophic 4 | . . . . . . . . . . . 1 . 3 Database Lockouts . | . . . . . . . . . . . . . . Manual 22 | . . . . 7 . 3 . . . . 7 . 5 Terminals 4 | . . . . . . . . . . . 3 . 1 Fabricators . | . . . . . . . . . . . . . . Repair Stations 5 | . . . . . . 2 . . . . . . 3 Recycling Units 15 | . . . . 7 . 1 . . . . 6 . 1 Scanalyzers . | . . . . . . . . . . . . . . Garrison Access 5 | . . . . . . . . . . . . . 5 Terminal Hacks 19 | . . . 1 . . . . . 17 . 1 . . Record 5 | . . . . . . . . . 5 . . . . Part Schematic 4 | . . . . . . . . . 4 . . . . Robot Analysis 4 | . . . . . . . . . 4 . . . . Prototype ID Bank 4 | . . . . . . . . . 4 . . . . Open Door 1 | . . . 1 . . . . . . . . . . Branch Access Points 1 | . . . . . . . . . . . 1 . . Fabricator Hacks . | . . . . . . . . . . . . . . Repair Station Hacks . | . . . . . . . . . . . . . . Recycling Unit Hacks . | . . . . . . . . . . . . . . Scanalyzer . | . . . . . . . . . . . . . . Garrison Access Hacks 1 | . . . . . . . . . . . . . 1 Seal Access 1 | . . . . . . . . . . . . . 1 Unauthorized Hacks 10 | . . . . 3 . 2 . . . . 4 . 1 Terminals . | . . . . . . . . . . . . . . Fabricators . | . . . . . . . . . . . . . . Repair Stations 1 | . . . . . . 1 . . . . . . . Patch 1 | . . . . . . 1 . . . . . . . Recycling Units 9 | . . . . 3 . 1 . . . . 4 . 1 Fedlink 9 | . . . . 3 . 1 . . . . 4 . 1 Scanalyzers . | . . . . . . . . . . . . . . Garrison Access . | . . . . . . . . . . . . . . Data Cores Recovered 2 | . . . . . . . . . . . 2 . . Used . | . . . . . . . . . . . . . . Hacking Detections 9 | . . . . 3 . . . . . . 2 . 4 Full Trace Events 2 | . . . . . . . . . . . . . 2 Feedback Events . | . . . . . . . . . . . . . . Feedback Blocked . | . . . . . . . . . . . . . . Robot Schematics Acquired . | . . . . . . . . . . . . . . Robots Built . | . . . . . . . . . . . . . . Authchips . | . . . . . . . . . . . . . . Time . | . . . . . . . . . . . . . . Total Robot Build Rating . | . . . . . . . . . . . . . . Part Schematics Acquired 4 | . . . . . . . . . 4 . . . . Parts Built . | . . . . . . . . . . . . . . Authchips . | . . . . . . . . . . . . . . Time . | . . . . . . . . . . . . . . Total Part Build Rating . | . . . . . . . . . . . . . . Part Studies Acquired . | . . . . . . . . . . . . . . Parts Repaired . | . . . . . . . . . . . . . . Time . | . . . . . . . . . . . . . . Parts Recycled . | . . . . . . . . . . . . . . Recycled Matter . | . . . . . . . . . . . . . . Retrieved Matter . | . . . . . . . . . . . . . . Retrieved Components . | . . . . . . . . . . . . . . Parts Scanalyzed . | . . . . . . . . . . . . . . Part Schematics Acquired . | . . . . . . . . . . . . . . Parts Damaged . | . . . . . . . . . . . . . . Bothacking | -11 -10 -10 -7 -5 -5 -5 -5 -5 -5 -4 -4 -4 -4 ------------ Run | Yrd Mat Sub Scr Fac Was Fac Upp Upp Zhi Pro Fac Was Fac Used RIF Installer . | . . . . . . . . . . . . . . Robots Hacked 5 | . . . . 2 . . . . . . 2 . 1 Non-combat 5 | . . . . 2 . . . . . . 2 . 1 Combat . | . . . . . . . . . . . . . . Robot Hacks Applied 5 | . . . . 2 . . . . . . 2 . 1 no_distress 1 | . . . . 1 . . . . . . . . . find_chute 3 | . . . . 1 . . . . . . 2 . . find_recycling 1 | . . . . . . . . . . . . . 1 Relay Couplers Released . | . . . . . . . . . . . . . . Fabnet Peak Effective % . | . . . . . . . . . . . . . . Robots Rewired . | . . . . . . . . . . . . . . Allies Hacked 5 | . . . . . . 5 . . . . . . . Hacks Repelled . | . . . . . . . . . . . . . . Allies | -11 -10 -10 -7 -5 -5 -5 -5 -5 -5 -4 -4 -4 -4 -------- Run | Yrd Mat Sub Scr Fac Was Fac Upp Upp Zhi Pro Fac Was Fac Total Allies 24 | . . . . . 19 . . . . 5 . . . Largest Group 19 | . . . . . 19 5 . . . 5 2 . . Highest-Rated Group 684 | . . . . . 684 154 . . . 235 94 . . Highest-Rated Ally 50 | . . . . . 50 50 . . . 47 47 . . Total Orders . | . . . . . . . . . . . . . . Ally Attacks 264 | . . . . . 126 46 . . . 86 6 . . Total Damage 6061 | . . . . . 3772 569 . . . 1660 60 . . Kills 20 | . . . . . 10 3 . . . 7 . . . Allies Corrupted 1 | . . . . . . 1 . . . . . . . Allies Melted . | . . . . . . . . . . . . . . Intel | -11 -10 -10 -7 -5 -5 -5 -5 -5 -5 -4 -4 -4 -4 ------- Run | Yrd Mat Sub Scr Fac Was Fac Upp Upp Zhi Pro Fac Was Fac Active Infowar (turns) 3621 | . . . . 443 . . 205 627 188 325 888 42 903 Optics 1476 | . . . . . . . . . . . 531 42 903 Sensors 3145 | . . . . 443 . . 205 627 188 325 794 . 563 Jamming 695 | . . . . . . . . . . . 436 . 259 Robot Analysis Total 4 | . . . . . . . . . 4 . . . . Derelict Logs Recovered 5 | . . . 3 . . . 1 1 . . . . . Drone Launches . | . . . . . . . . . . . . . . Drone Recoveries . | . . . . . . . . . . . . . . Exploration | -11 -10 -10 -7 -5 -5 -5 -5 -5 -5 -4 -4 -4 -4 ------------- Run | Yrd Mat Sub Scr Fac Was Fac Upp Upp Zhi Pro Fac Was Fac Turns Passed 9961 | 92 740 1396 1891 448 773 1367 240 627 219 325 888 42 913 Spaces Moved 7558 | 51 320 597 1450 344 483 779 199 488 161 249 1282 114 1041 Core 25 | 2 . . . . . . . . . . . . 23 Treads 710 | 49 320 341 . . . . . . . . . . . Legs 2503 | . . . . . 243 779 199 488 161 249 104 . 280 Wheels 2367 | . . 256 1450 344 240 . . . . . 73 . 4 Hover 1953 | . . . . . . . . . . . 1105 114 734 Flight . | . . . . . . . . . . . . . . Fastest Speed 17 | 50 160 130 110 101 116 120 120 120 120 120 17 17 21 Average Speed 109 | 155 215 195 127 115 118 120 120 120 120 120 44 27 60 Slowest Speed 450 | 160 320 240 130 150 190 120 120 120 120 120 190 28 450 Overloaded Moves 39 | . . . . . . . . . . . 20 9 10 Propulsion Burnouts . | . . . . . . . . . . . . . . Robots Hopped 1 | . . . . . . 1 . . . . . . . Potential Cave-ins . | . . . . . . . . . . . . . . Cave-ins Triggered . | . . . . . . . . . . . . . . Teleports 1 | . . . . . . . . . . . . . 1 Exploration Rate (%) 47 | 4 57 26 77 13 93 14 40 59 60 42 46 88 45 Regions Visited 13 Branch Regions 6 Pre-discovered Areas 5 | . . . . 1 . . . 1 3 . . . . Known Exits Taken 5 | . . . . . . 1 1 1 1 1 . . . Unknown Exits Taken 4 | 1 1 1 1 . . . . . . . . . . Scrap Searched 5 | . . . 2 . . . 1 . . 2 . . . Spaces Dug 27 | . . 3 . 6 . 1 . 2 . . 11 1 3 Terrain Destroyed 118 | . . 3 . 6 1 1 . 2 . 19 11 1 74 Melee 23 | . . 3 . 2 . 1 . 2 . . 11 1 3 Projectile 5 | . . . . 4 1 . . . . . . . . AOE 90 | . . . . . . . . . . 19 . . 71 Terrain Rammed . | . . . . . . . . . . . . . . Walls Destroyed . | . . . . . . . . . . . . . . Machines Disabled . | . . . . . . . . . . . . . . Actions | -11 -10 -10 -7 -5 -5 -5 -5 -5 -5 -4 -4 -4 -4 --------- Run | Yrd Mat Sub Scr Fac Was Fac Upp Upp Zhi Pro Fac Was Fac Total 8780 | 59 349 714 1496 379 664 1098 199 507 187 262 1532 122 1212 Wait 494 | . 4 22 . 1 126 205 . . . . 127 2 7 Move 7545 | 50 319 596 1449 344 482 776 198 487 160 248 1282 113 1041 Hop 1 | . . . . . . 1 . . . . . . . Pick Up 106 | 3 9 12 23 5 9 9 . 1 5 . 15 2 13 Fast Attach 59 | 5 3 . 2 7 8 4 . . 8 1 8 1 12 Attach 67 | . . 9 2 8 4 4 . 1 1 2 10 . 26 Detach 21 | . . . . . 7 . . 1 . 1 5 . 7 Swap 40 | . . 7 . 2 . 4 1 . 2 . 16 1 7 Drop 76 | . 2 . 20 . 11 10 . . 11 . 15 2 5 Fire 83 | 1 12 40 . 7 1 . . 1 . 2 2 . 17 Melee 281 | . . 28 . 5 16 85 . 16 . 8 52 1 70 Ram . | . . . . . . . . . . . . . . Kick . | . . . . . . . . . . . . . . Crush . | . . . . . . . . . . . . . . Escape Stasis 7 | . . . . . . . . . . . . . 7 Rewire . | . . . . . . . . . . . . . . Trap . | . . . . . . . . . . . . . . Miscellaneous . | . . . . . . . . . . . . . . Route ------- -11/Scrapyard -10/Materials (discovered 4 exits: [*Mat x2] / [*Min] / [*Sub]) -10/Subcaves -7/Scraptown -5/Factory -5/Waste -5/Factory -5/Upper Caves -5/Upper Caves -5/Zhirov -4/Proximity Caves -4/Factory (discovered 2 exits: *Upp x2) -4/Waste -4/Factory History --------- Turn | Location | Event 12 | -11/Scrapyard | Discovered new exit (range 14) 93 | -11/Scrapyard | Entered Materials 307 | -10/Materials | Build established: Mutant 377 | -10/Materials | Discovered new exit (range 7) 555 | -10/Materials | Discovered new exit (range 6) 701 | -10/Materials | Discovered new exit (range 15) 817 | -10/Materials | Discovered new exit (range 7) 833 | -10/Materials | Entered Subcaves 834 | -10/Subcaves | Approached by a straggling Scientist 1833 | -10/Subcaves | Lost 3 parts (2n1w) 1856 | -10/Subcaves | Ambushed by Subdwellers from Twisted Machinery 1947 | -10/Subcaves | Scientist uncovered a shortcut to Scraptown 2045 | -10/Subcaves | Ambushed by Subdweller buried in earth 2046 | -10/Subcaves | Core integrity fell below 50% 2064 | -10/Subcaves | Core integrity fell below 20% 2103 | -10/Subcaves | Lost 5 parts (1p2n2w) 2229 | -10/Subcaves | Entered Scraptown 2333 | -7/Scraptown | Visited UFD Registry 2333 | -7/Scraptown | Registered with UFD as "Pipemachine" 2417 | -7/Scraptown | Scanned Subdweller tech in exchange for log data 2421 | -7/Scraptown | Learned Factory security intel 2422 | -7/Scraptown | Learned Research stockpile data 2423 | -7/Scraptown | Learned 8 Factory zone layouts 2567 | -7/Scraptown | Visited Sword Containment 2593 | -7/Scraptown | Visited Curators Association 2617 | -7/Scraptown | Visited Junk Repository 2639 | -7/Scraptown | Visited Derelict Rescue Squad 2666 | -7/Scraptown | Visited Supply Room 2692 | -7/Scraptown | Visited Junk Repository 2716 | -7/Scraptown | Visited Scrapoid Pod Storage 3314 | -7/Scraptown | Visited Chapter 10 3564 | -7/Scraptown | Found Scrapoid Pod 3725 | -7/Scraptown | Visited Cyclists 3737 | -7/Scraptown | Visited Comm Corps 3774 | -7/Scraptown | Visited CPS Storage 3911 | -7/Scraptown | Found Prototype Slashing Weapon 3911 | -7/Scraptown | Identified Companion Sword 4012 | -7/Scraptown | Found DRS Beacon 4050 | -7/Scraptown | Met Optimus 4050 | -7/Scraptown | Accepted into 0bPrime 4110 | -7/Scraptown | Discovered new exit (range 5) 4120 | -7/Scraptown | Entered Factory 4120 | -5/Factory | Evolved 10 slots: Power x1, Propulsion x4, Utility x5 4121 | -5/Factory | Identified exit to Factory 4309 | -5/Factory | Loaded intel: 8 recycling unit locations 4494 | -5/Factory | Learned location of Protoforge (-2) 4568 | -5/Factory | Sucked down chute 4568 | -5/Factory | Entered Waste 4578 | -5/Waste | Spotted C-40 Crusher 4622 | -5/Waste | Spotted C-40 Crusher 4630 | -5/Waste | Crushed by Compactor (1 part destroyed) 4632 | -5/Waste | Spotted C-40 Crusher 4651 | -5/Waste | Warlord forces began an assault 4656 | -5/Waste | Allies destroyed C-40 Crusher 4662 | -5/Waste | Allies destroyed C-40 Crusher 4666 | -5/Waste | Allies destroyed C-40 Crusher 4714 | -5/Waste | Lost 4 allies 4768 | -5/Waste | Discovered new exit (range 12) 4780 | -5/Waste | Found Prototype Processor 4780 | -5/Waste | Identified Exp. Signal Interpreter 4912 | -5/Waste | Murdered 4 allies 4962 | -5/Waste | Murdered 3 allies 5163 | -5/Waste | Build established: Scavenger-Mutant 5338 | -5/Waste | Identified exit to Factory 5341 | -5/Waste | Entered Factory 5341 | -5/Factory | Accompanied by 5 allies 5543 | -5/Factory | Loaded intel: 8 recycling unit locations 5854 | -5/Factory | Discovered new exit (range 6) 5860 | -5/Factory | Identified exit to Upper Caves 6275 | -5/Factory | P-70 Sage assimilated allied 3R-UV5(m) 6297 | -5/Factory | P-70 Sage assimilated allied LJ-G72(m) 6708 | -5/Factory | Entered Upper Caves 6830 | -5/Upper Caves | Learned Factory trap positions 6928 | -5/Upper Caves | Discovered new exit (range 12) 6944 | -5/Upper Caves | Identified exit to Upper Caves 6948 | -5/Upper Caves | Entered another Upper Caves area 6962 | -5/Upper Caves | Learned location of Warlord (-4) 7169 | -5/Upper Caves | Attached CPS modules to JM-MYL. 7569 | -5/Upper Caves | Discovered new exit (range 3) 7574 | -5/Upper Caves | Identified exit to Zhirov 7575 | -5/Upper Caves | Entered Zhirov 7575 | -5/Zhirov | Discovered new exit (range 3) 7577 | -5/Zhirov | Identified exit to Proximity Caves 7597 | -5/Zhirov | Met Zhirov 7637 | -5/Zhirov | Found Alien Artifact 7637 | -5/Zhirov | Identified Integrated Dissipator 7637 | -5/Zhirov | Installed Integrated Dissipator, increased core heat dissipation (+20) 7721 | -5/Zhirov | Found Alien Artifact 7753 | -5/Zhirov | Learned location of Quarantine (-3) 7753 | -5/Zhirov | Learned location of Testing (-2) 7753 | -5/Zhirov | Learned location of Command (-1) 7760 | -5/Zhirov | Zhirov requested help retrieving the SGEMP Prototype 7794 | -5/Zhirov | Entered Proximity Caves 7890 | -4/Proximity Caves | Spotted B-86 Titan 7891 | -4/Proximity Caves | Scrapoid Pod released 04P05-D (x5) 7891 | -4/Proximity Caves | Spotter reported a threat 7909 | -4/Proximity Caves | Allies destroyed B-86 Titan 7968 | -4/Proximity Caves | P-70 Sage assimilated allied 04P02-D 8108 | -4/Proximity Caves | Discovered exit to Factory (range 7) 8119 | -4/Proximity Caves | Entered Factory 8119 | -4/Factory | Accompanied by 2 allies 8119 | -4/Factory | Evolved 2 slots: Propulsion x1, Utility x1 8120 | -4/Factory | Loaded intel: 112 trap records 8286 | -4/Factory | Identified exit to Upper Caves 8302 | -4/Factory | Lost 3 parts (3n) 8505 | -4/Factory | Found Exp. Signal Interpreter 8598 | -4/Factory | Loaded intel: 8 recycling unit locations 8708 | -4/Factory | Spotted B-86 Titan 8709 | -4/Factory | Spotted B-86 Titan 8758 | -4/Factory | Build established: Scavenger-Ninja 8859 | -4/Factory | Lost 3 parts (2n1u) 8869 | -4/Factory | Search patrols dispatched 8958 | -4/Factory | Found Prototype Launcher 8958 | -4/Factory | Identified Tesla Bomb Launcher 9007 | -4/Factory | Sucked down chute 9007 | -4/Factory | Entered Waste 9019 | -4/Waste | Spotted C-40 Crusher 9019 | -4/Waste | Spotted C-40 Crusher 9022 | -4/Waste | EMP discharged 9022 | -4/Waste | System corruption reached 10% 9024 | -4/Waste | Spotted C-40 Crusher 9030 | -4/Waste | Spotted C-40 Crusher 9033 | -4/Waste | Spotted C-40 Crusher 9039 | -4/Waste | Spotted C-40 Crusher 9046 | -4/Waste | Discovered new exit (range 10) 9048 | -4/Waste | Identified exit to Factory 9049 | -4/Waste | Entered Factory 9119 | -4/Factory | Loaded intel: 7 recycling unit locations 9133 | -4/Factory | Spotted B-86 Titan 9185 | -4/Factory | Lost 4 parts (1p3n) 9207 | -4/Factory | Build established: Ninja 9299 | -4/Factory | Search patrols dispatched 9444 | -4/Factory | Core integrity fell below 50% 9491 | -4/Factory | Lost 16 parts (3p8n5u) 9927 | -4/Factory | Identified Transdimensional Reconstructor 9927 | -4/Factory | Warped through subspace 9952 | -4/Factory | Released all parts (5) 9953 | -4/Factory | Core integrity fell below 20% 9962 | -4/Factory | Destroyed by H-77 Assassin with Coil Gun Last Messages --------------- 09926_ Adv. Sensor Array destroyed. 09926_ Companion Sword destroyed. Companion Sword: "Will you miss me?" 09926_ Cld. Gravmag System destroyed. 09926_ Antigrav System destroyed. 09926_ Critical hit (Blast). 09927_ Identified Transdimensional Reconstructor. 09927_ Warped through subspace. 09931_ System corrupted: Matter fused (-5). 09937_ Acquired Lgt. Antimatter Reactor. 09946_ Antigrav System destroyed. 09947_ System corrupted: Heat flow error (+113). 09952_ Released Mic. Fission Core. 09952_ Released Exp. Signal Interpreter. 09952_ Released Core Analyzer. 09952_ Released Enh. Optical Array. 09952_ Released Lrg. Storage Unit. 09962_ System corrupted: Matter fused (-7). 09962_ W-44 Eye sends out distress signal. 09962_ Penetrated by Slug. Map ----- +----------------------------------------------------+ | ????????# #????????#########+## # % | | ????????# #????????# "" | | ????????# ###############?# ""S | | ######### ## """ ! #?# "" # | | ## "T" #?# = | | ## #?# """ % | | ## #?# """"" % | | ## ] #?# """"" | | ## #?# ? | | ########## ###! """"" #??? """ # | | ?????????# #?# """"" #?? """"" # # | | ????????## ### """ #?# """"" | | ????????+ + #?# | | ????????## ###?? ] ???#?##?######## | | ?????????## #????? ????????????????? # | | ??????????# #######+#+######????????????" # | | ??????????# A +???????????"" # # | | ??????????########## ####??????????""" # # | | ???????????????????#g #?????????????? # # | | ???????????????????# ##????????????? ?# # | | ???????????????????# T##############+### # | | ???????????????????# # # # | | #################### ## # # | | # * + # | | + # # | | ^ @# # # | | + # + | | # # % # | | # # # | | # ###### ^ # | | ################### h # !]! #?######+!+# | | ??????????????????# # [ !]! #?# ! **!] | | ??????????????????# # ]!! #?# ||%! | | ??????????????????# h # #?# | | ??????????????????#k #############?# | | ??????????????????#w #?????????????# | | ??????????????????# #?????????????# """" """ | | ??????????????????# #?????????????# """" """ | | ??????????????????# #?????????????# """" """ | | ??????????????????# u#?????????????# """" """ | | ??????????????????# #?????????????# """ | | ?????????????????? ?????????????# """ | | ??????????????????/ #????????????# | | ?????????????????? ?????????????########?# | | ??????????????????? ????????????????????????? | | ?????????????????????????????????????????????????? | | ?????????????????????????????????????????????????? | | ?????????????????????????????????????????????????? | | ?????????????????????????????????????????????????? | | ?????????????????????????????????????????????????? | +----------------------------------------------------+ Best States ------------- Heat Dissipation 63 Energy Generation 37 Energy Capacity 530 Matter Stores 300 Matter Capacity 300 Sight Range 22 Robot Scan Range 18 Terrain Scan Density 10 Jamming Range 12 Armor Coverage 150 Resistance: TH 10 Melee Speed Boost 20 Phase Shifting 15 Evasion (%) 85 Melee Accuracy 8 Target Analysis 6 Core Analysis 9 Recoil Reduction 2 Offensive Hacking 14 Item Schematics ----------------- Assault Drone Bay | -5/Zhirov | Free Exp. Heat Sink | -5/Zhirov | Free Exp. Optical Array | -5/Zhirov | Free Imp. Arc Thrower | -5/Zhirov | Free Robot Schematics ------------------ None Fabricated ------------ Nothing Repaired ---------- Nothing Studied --------- None Alien Tech Used ----------------- Integrated Dissipator Transdimensional Reconstructor Achievements -------------- Nice Directions, Buddy Challenges ------------ None Game ------ Seed FissionShiftMegatreads Manual? 0 Play Time 01:07:35 Cumulative 410.4 hours Start 2025.11.15 @ 11:08:24 End 2025.11.15 @ 12:13:43 Sessions 1 Manual Loads 0 Difficulty Rogue Special Mode None Game No. 369 Rogue 333 Adventurer 36 Explorer 0 Win Type - Total 16 Types 7/0/9/0/0/0/0/0/0/0 Lore% 72 Gallery% 85 Achievement% 62 Wizard Run 0 Options --------- Layout 0 ASCII 0 Keyboard 0 Movement Mouse Keybinds 0 Fullscreen 1 Font 18/SmallcapsGlow Map View 76x50 Zoom Use 0% Tactical HUD 1 Map Filters NONE Filters NONE Steam 1 RUN: 86ff529f-f293-4b44-b872-50bb7597ca0a